[Event "Polish Youth Ekstraliga 2022"]
[Site "Lublin"]
[Date "2022.07.02"]
[Round "8.20"]
[White "Chyzy, Jakub"]
[Black "Janeczko, Jakub"]
[Result "1-0"]
[ECO "B24"]
[WhiteElo "2191"]
[BlackElo "2087"]
[Annotator "RC"]
[PlyCount "119"]
[EventDate "2022.06.24"]
[EventType "team-tourn"]
[EventCountry "POL"]
[SourceTitle "playchess.com"]
[Source "ChessBase"]
[SourceQuality "1"]
[TimeControl "40/5400+30:1800+30"]

1. e4 c5 2. Nc3 Nc6 3. Bb5 Nd4 4. Bc4 a6 5. a4 g6 6. Nge2 Bg7 7. O-O e6 8. Nxd4 cxd4 9. Ne2 Ne7 10. c3 dxc3 11. dxc3 Qc7 12. Bb3 O-O 13. Bf4 e5 14. Bg5 d6 15. Bxe7 Qxe7 16. Bd5 Rb8 17. c4 a5 18. Nc3 Kh8 19. Qd2 Ra8 20. Ra3 f5 21. f3 Ra6 22. Rb3 Bf6 23. Rd1 Bg5 24. Qd3 Qc7 25. Kh1 Rb6 26. Nb5 Qc5 27. Qe2 f4 28. Qe1 Ra6 29. Nc3 Rb6 30. Rb5 Rxb5 31. axb5 Qb4 32. Qf2 Bd8 33. Ra1 h5 34. Na4 g5 35. Nb6 Bxb6 36. Qxb6 g4 37. Qc7 gxf3 38. Qe7 fxg2+ 39. Kg1 Qc5+ 40. Kxg2 f3+ 41. Kh1 Rf4 42. Qg5 Kh7 43. Qxh5+ Kg7 44. Rg1+ Qxg1+ 45. Kxg1 f2+ 46. Kf1 Bg4 47. Qg5+ Kf8 48. Qxf4+ exf4 49. Bxb7 Ke7 50. Kxf2 Kd7 51. b6 Bd1 52. Bd5 Bg4 53. h4 Bh5 54. e5 dxe5 55. c5 Bg4 56. c6+ Kc8 57. h5 Bf5 58. h6 e4 59. Be6+ Bxe6 60. h7 1-0

[Event "Polish Youth Ekstraliga 2022"]
[Site "Lublin"]
[Date "2022.07.02"]
[Round "8.21"]
[White "Mulawa, Cyprian"]
[Black "Krawczyk, Flawian"]
[Result "1/2-1/2"]
[ECO "B52"]
[WhiteElo "2050"]
[BlackElo "2212"]
[Annotator "RC"]
[PlyCount "90"]
[EventDate "2022.06.24"]
[EventType "team-tourn"]
[EventCountry "POL"]
[SourceTitle "playchess.com"]
[Source "ChessBase"]
[SourceQuality "1"]
[TimeControl "40/5400+30:1800+30"]

1. e4 c5 2. Nf3 d6 3. Bb5+ Bd7 4. Bxd7+ Qxd7 5. c4 Nc6 6. O-O g6 7. d4 cxd4 8. Nxd4 Bg7 9. Be3 Nf6 10. f3 O-O 11. Nc3 Rfc8 12. b3 Qd8 13. Nxc6 bxc6 14. Rc1 Nd7 15. Qe2 Qa5 16. Na4 Nb6 17. Bd2 Bd4+ 18. Kh1 Qh5 19. Bc3 Bxc3 20. Nxc3 Qc5 21. Rfe1 a5 22. e5 dxe5 23. Qxe5 Qxe5 24. Rxe5 e6 25. Ree1 Rd8 26. Rcd1 Kf8 27. Kg1 Ke7 28. Kf2 Rab8 29. g3 h5 30. f4 a4 31. c5 Nd5 32. Nxa4 Nb4 33. Rxd8 Rxd8 34. Re2 Rd1 35. a3 Nd5 36. Nb6 Rb1 37. Nxd5+ cxd5 38. b4 Kd7 39. Ke3 Rb3+ 40. Kd4 Rxa3 41. Rc2 f6 42. b5 Rb3 43. c6+ Kd6 44. Rc3 e5+ 45. fxe5+ fxe5+ 1/2-1/2

[Event "Polish Youth Ekstraliga 2022"]
[Site "Lublin"]
[Date "2022.07.02"]
[Round "8.22"]
[White "Sowinski, Pawel"]
[Black "Suska, Szymon"]
[Result "1-0"]
[ECO "A16"]
[WhiteElo "2060"]
[BlackElo "1604"]
[Annotator "NA RC"]
[PlyCount "53"]
[EventDate "2022.06.24"]
[EventType "team-tourn"]
[EventCountry "POL"]
[SourceTitle "playchess.com"]
[Source "ChessBase"]
[SourceQuality "1"]
[TimeControl "40/5400+30:1800+30"]

1. c4 Nf6 2. Nc3 g6 3. g3 Bg7 4. Bg2 O-O 5. e4 d6 6. Nge2 e5 7. O-O Nc6 8. d3 Bd7 9. h3 a6 10. Be3 Ne8 11. Qd2 Nd4 12. Kh2 Rb8 13. f4 Nxe2 14. Nxe2 exf4 15. Nxf4 f5 16. exf5 Bxf5 17. g4 Bd7 18. Bd5+ Kh8 19. Nxg6+ hxg6 20. Rxf8+ Bxf8 21. Bg5 Nf6 22. Rf1 Nxg4+ 23. hxg4 Qe8 24. Re1 Qc8 25. Kg3 Bxg4 26. Rh1+ Bh5 27. Rxh5+ 1-0

[Event "Polish Youth Ekstraliga 2022"]
[Site "Lublin"]
[Date "2022.07.02"]
[Round "8.23"]
[White "Rejniak, Zuzanna"]
[Black "Wikar, Martyna"]
[Result "0-1"]
[ECO "C47"]
[WhiteElo "1804"]
[BlackElo "2197"]
[Annotator "RC"]
[PlyCount "112"]
[EventDate "2022.06.24"]
[EventType "team-tourn"]
[EventCountry "POL"]
[SourceTitle "playchess.com"]
[Source "ChessBase"]
[SourceQuality "1"]
[TimeControl "40/5400+30:1800+30"]

1. e4 e5 2. Nf3 Nc6 3. Nc3 Nf6 4. a3 d6 5. d4 exd4 6. Nxd4 Be7 7. Be2 O-O 8. Be3 Re8 9. O-O Bf8 10. Nxc6 bxc6 11. Bf3 Bb7 12. Bg5 h6 13. Bh4 a5 14. b4 Be7 15. Re1 Nd7 16. Bxe7 Qxe7 17. Rb1 axb4 18. axb4 Qf6 19. Rb3 Ne5 20. Ne2 Ra4 21. Ng3 Rea8 22. Be2 g6 23. Qd2 Ra1 24. Rbb1 Rxb1 25. Rxb1 Ba6 26. Bxa6 Rxa6 27. Qc3 Qf4 28. h3 h5 29. Re1 Kh7 30. Nf1 h4 31. Nh2 Ra2 32. Qb3 Qd2 33. Qxa2 Qxe1+ 34. Nf1 Qxe4 35. Qa7 Qxb4 36. Qxc7 Kg7 37. Qe7 Qf4 38. Ne3 d5 39. Qa3 d4 40. Nf1 Qf5 41. Qa4 c5 42. Nd2 Qg5 43. Qa5 c4 44. Kh1 Qf4 45. Qd5 d3 46. cxd3 cxd3 47. Kg1 Qxd2 48. Qxe5+ Kh7 49. Qf6 Qc1+ 50. Kh2 Qc7+ 51. g3 hxg3+ 52. fxg3 d2 53. Qh4+ Kg8 54. Qd4 Qc2 55. Qd8+ Kg7 56. Qd4+ f6 0-1

[Event "Polish Youth Ekstraliga 2022"]
[Site "Lublin"]
[Date "2022.07.02"]
[Round "8.24"]
[White "Natoli, Alessia"]
[Black "Dabrowska, Ewa"]
[Result "1-0"]
[ECO "B24"]
[WhiteElo "1680"]
[BlackElo "1133"]
[Annotator "NA RC"]
[PlyCount "73"]
[EventDate "2022.06.24"]
[EventType "team-tourn"]
[EventCountry "POL"]
[SourceTitle "playchess.com"]
[Source "ChessBase"]
[SourceQuality "1"]
[TimeControl "40/5400+30:1800+30"]

1. e4 c5 2. Nc3 Nc6 3. Bb5 Nd4 4. Bc4 a6 5. d3 b5 6. Bb3 g6 7. Nf3 Bg7 8. Nxd4 cxd4 9. Qf3 e6 10. Ne2 Ne7 11. O-O O-O 12. Qg3 d6 13. f4 e5 14. f5 gxf5 15. Bh6 Ng6 16. Bxg7 f4 17. Bxf8 fxg3 18. Rxf7 gxh2+ 19. Kh1 Qa5 20. Raf1 h6 21. Rg7+ Kh8 22. Rg8+ Kh7 23. Rg7+ Kh8 24. Rxg6 Ra7 25. Bxh6 Kh7 26. Rxd6 Bg4 27. Ng3 Qb4 28. Bf8 Qd2 29. Rff6 Qd1+ 30. Kxh2 Be6 31. Rdxe6 Qg4 32. Rh6+ Kg8 33. Ref6+ Rf7 34. Rxf7 Qc8 35. Rff6+ Qc4 36. dxc4 bxc4 37. Bxc4# 1-0

[Event "Polish Youth Ekstraliga 2022"]
[Site "Lublin"]
[Date "2022.07.02"]
[Round "8.25"]
[White "Dzida, Kamil"]
[Black "Budzisz, Adrian"]
[Result "0-1"]
[ECO "B92"]
[WhiteElo "2294"]
[BlackElo "2152"]
[Annotator "TA"]
[PlyCount "118"]
[EventDate "2022.06.24"]
[EventType "team-tourn"]
[EventCountry "POL"]
[SourceTitle "playchess.com"]
[Source "ChessBase"]
[SourceQuality "1"]
[TimeControl "40/5400+30:1800+30"]

1. e4 c5 2. Nf3 d6 3. d4 cxd4 4. Nxd4 Nf6 5. Nc3 a6 6. Be2 e5 7. Nb3 Be7 8. Bg5 Be6 9. Bxf6 Bxf6 10. O-O O-O 11. Nd5 {[%emt 0:00:04] B92: Sicilian Najdorf: 6 Be2.} Nd7 12. c3 Bxd5 13. Qxd5 {[%emt 0:00:07] White has an edge.} Qc7 14. Rfd1 Be7 15. Na5 {[%emt 0:03:42] [#]} Rfd8 $146 ({Predecessor:} 15... Rab8 16. Nc4 Nf6 17. Qd3 Rfd8 {1-0 (17) Pobelianskaia,M-Istrati,I Tallinn 1997}) 16. Bc4 (16. Nxb7 $2 Nf6 17. Qb3 Rdb8 $19) 16... Nf6 17. Qxf7+ (17. Qxb7 $16 Qxb7 18. Nxb7) 17... Kh8 $11 18. Bd5 (18. Bd3 $5 ) 18... Qxa5 (18... Rf8 $11 {keeps the balance.} 19. Qe6 Qxa5 20. Qxe7 Qb6) 19. Qxe7 $16 Rd7 ({Black should play} 19... Rab8) 20. Qe6 Re8 21. Qf5 Rf8 22. Bb3 Qc5 23. Qf3 h5 {[%emt 0:06:58] [#]} (23... Rdd8 $16 {keeps fighting.} 24. Rd2 a5) 24. Rd5 $1 Qc6 (24... Qb6 25. Rd2) 25. Rad1 Rdd8 26. Qf5 a5 27. a4 Nh7 $1 $14 28. Qxh5 {[%emt 0:01:56] Hoping for R1d2.} Qb6 29. Bc4 $1 Qxf2+ 30. Kh1 Qxb2 31. Qh3 (31. Rxa5 $2 Qxc3 32. Bf7 Rxf7 33. Rxe5 Qc2 $19) (31. Rb5 $16 Qc2 32. Rxb7 (32. Bd5 $2 g6 $19) 32... Qxe4 33. Bf7 $1 (33. Bd5 $2 Qxd5 34. Rc7 Qe4 $19)) 31... Qc2 32. Qd3 Qxa4 33. Bb5 Qb3 34. Rb1 Qa3 35. Qc2 Rc8 36. Rb3 (36. Rd3 $1 $15) 36... Rf2 $1 $17 37. Qd1 (37. Qxf2 $17 Qxb3 38. h3) 37... Qa2 $19 38. Rxd6 {[%emt 0:00:07] [#]} Qc2 $2 $40 {[%emt 0:01:06][%mdl 128] Black is up to no good.} (38... g6 $1 $19 39. Rd8+ (39. Rxg6 $2 Rd2 $19) 39... Rxd8 40. Qxd8+ Kg7 41. Qd7+ (41. Qe7+ $2 Rf7 $19) 41... Kh8 42. Qd8+ (42. Qe8+ $2 Rf8 $19) 42... Kg7 43. Qd7+ (43. Qe7+ $2 Rf7 $19) 43... Kh8 44. Qd8+ (44. Qe8+ $2 Rf8 $19)) 39. Qxc2 $11 Rxc2 40. h3 $1 Nf6 41. Bd3 $2 (41. Re6 $1 $11 {and White has nothing to worry.}) 41... Rd2 $19 ({And not} 41... R2xc3 42. Rxb7 a4 43. Kh2 $17) 42. Rxb7 Rxc3 ({Stronger than} 42... Nxe4 43. Rc6 Rxc6 44. Rb8+ Kh7 45. Bxe4+ Rg6 46. Ra8 $11) 43. Rb8+ Kh7 44. Rbd8 a4 45. Bb5 Rxd6 46. Rxd6 {[%emt 0:00:05][%mdl 4096] Endgame KRB-KRN} a3 47. Ra6 Nxe4 48. Bd7 $2 (48. Kg1) 48... g6 49. Be8 Ng3+ $2 ({Black should try} 49... Nc5 $19 50. Ra7+ Kh6) 50. Kh2 $1 $15 g5 {[%emt 0:05:17] White must now prevent ...Ne2.} 51. h4 $1 g4 (51... gxh4 $15 52. Kh3 Nf5+ 53. Kg4 Nd4) 52. h5 Ne2 (52... e4 $15) 53. Bg6+ $11 Kh8 {[%emt 0:01:25] And now ...Nf4 would win.} 54. g3 {[%emt 0:02:58][%mdl 8192] Prevents Nf4.} (54. Bf5 $11 {and White is okay.} Nf4 55. Bxg4) 54... Rxg3 $19 {[%emt 0:00:23] ...Rh3+ is the strong threat.} 55. Ra7 (55. Bf5 $19 Rh3+ 56. Kg2 Nf4+ 57. Kg1 Rg3+ 58. Kh1 Nxh5 59. Kh2) 55... Rh3+ {[%emt 0:04:42] Black mates.} 56. Kg2 Nf4+ 57. Kg1 Rc3 58. Be4 g3 59. h6 Rc1# {[%emt 0:00:07] Both players deserved the win here.  Weighted Error Value: White=0.62/Black=0.30} 0-1

[Event "Polish Youth Ekstraliga 2022"]
[Site "Lublin"]
[Date "2022.07.02"]
[Round "8.26"]
[White "Backiel, Hubert"]
[Black "Koziorowicz, Michal"]
[Result "1/2-1/2"]
[ECO "B27"]
[WhiteElo "2045"]
[BlackElo "2231"]
[Annotator "TA"]
[PlyCount "74"]
[EventDate "2022.06.24"]
[EventType "team-tourn"]
[EventCountry "POL"]
[SourceTitle "playchess.com"]
[Source "ChessBase"]
[SourceQuality "1"]
[TimeControl "40/5400+30:1800+30"]

1. e4 c5 2. Nf3 g6 3. d4 cxd4 4. Qxd4 Nf6 5. Nc3 Nc6 6. Qa4 d6 7. e5 dxe5 8. Nxe5 Bd7 {[%emt 0:02:38] B27: Sicilian: 2 Nf3, unusual Black 2nd moves.} 9. Nxd7 Nxd7 10. Be3 Bg7 11. Bb5 O-O 12. Rd1 Bxc3+ 13. bxc3 {[%emt 0:00:15] [#]} Qc8 $146 ({Predecessor:} 13... Qc7 14. O-O Rfd8 15. Qh4 Nf6 16. Rb1 Nd5 17. Bg5 Nxc3 18. Rb3 Rd4 19. Qh6 Na5 20. Bxe7 Qxe7 21. Rxc3 {0-1 (62) Petri,R (1839)-Held,C (2082) Erfurt 2019}) 14. O-O Nf6 15. Qa3 Qc7 16. Bxc6 (16. h3 $11) 16... Ng4 $1 $15 {[%emt 0:07:39][%csl Gg4][%cal Rc7h2] [#]} 17. g3 {[%emt 0:01:55] And now Bg2 would win.} Qxc6 18. Qxe7 Rae8 19. Qd7 Nxe3 20. Qxc6 bxc6 21. fxe3 Rxe3 {[%emt 0:00:18][%mdl 4096] Endgame KRR-KRR} 22. Rd3 Re7 23. Rd6 Rb8 24. Rxc6 {[%emt 0:01:25] The position is equal.} Rb2 25. a4 Ra2 26. Rc4 Kg7 27. Rf2 a5 28. Kg2 f5 29. Kf3 Kf6 30. Rd2 Re6 31. h4 Ra1 32. Rd5 Rae1 33. Rxa5 h6 34. Rac5 g5 35. hxg5+ hxg5 {[%emt 0:00:13] [#] ( -> ...g4+)} 36. Rc6 g4+ 37. Kf2 {[%emt 0:00:06] Black must now prevent Rxe6+.} R1e2+ {[%emt 0:00:03] Weighted Error Value: White=0.07 (flawless) /Black=0.04 (flawless)} 1/2-1/2

[Event "Polish Youth Ekstraliga 2022"]
[Site "Lublin"]
[Date "2022.07.02"]
[Round "8.27"]
[White "Raczek, Krzysztof"]
[Black "Ptaszynski, Szymon"]
[Result "1-0"]
[ECO "A01"]
[WhiteElo "2114"]
[BlackElo "1781"]
[Annotator "RC"]
[PlyCount "119"]
[EventDate "2022.06.24"]
[EventType "team-tourn"]
[EventCountry "POL"]
[SourceTitle "playchess.com"]
[Source "ChessBase"]
[SourceQuality "1"]
[TimeControl "40/5400+30:1800+30"]

1. b3 d5 2. Bb2 Nf6 3. e3 Bf5 4. Nf3 e6 5. c4 c6 6. Be2 h6 7. O-O Nbd7 8. Nc3 Bd6 9. Rc1 O-O 10. Re1 a6 11. Bf1 Bh7 12. d3 e5 13. cxd5 cxd5 14. e4 d4 15. Nb1 Qe7 16. Re2 Rfd8 17. Rec2 Nb8 18. Nfd2 Nc6 19. a3 Qe6 20. Be2 Rac8 21. b4 g6 22. Rc4 Nd7 23. Nb3 Nb6 24. Nc5 Bxc5 25. Rxc5 Nd7 26. R5c2 f5 27. Nd2 Nf6 28. Bf3 f4 29. Rc4 Kg7 30. Nb3 Bg8 31. Nc5 Qe7 32. Na4 g5 33. Nb6 Rc7 34. Rc5 Nd7 35. Nd5 Qd6 36. Bg4 Nf6 37. Nxc7 Qxc7 38. a4 Qf7 39. b5 Ne7 40. Rxe5 Ng6 41. Rec5 Qa2 42. Ba1 Bb3 43. Qe2 Qxe2 44. Bxe2 Bxa4 45. bxa6 bxa6 46. R5c4 Bb5 47. Rxd4 Rxd4 48. Bxd4 Kf7 49. Rc7+ Ke6 50. Rb7 Ne5 51. Rb6+ Nc6 52. Bxf6 Kxf6 53. d4 Bxe2 54. Rxc6+ Ke7 55. Rxh6 Bd3 56. f3 Kd7 57. Rg6 a5 58. Rxg5 a4 59. Ra5 Bc2 60. h4 1-0

[Event "Polish Youth Ekstraliga 2022"]
[Site "Lublin"]
[Date "2022.07.02"]
[Round "8.28"]
[White "Rekuc, Patryk"]
[Black "Grzebieniowski, Michal"]
[Result "1-0"]
[ECO "A61"]
[WhiteElo "1842"]
[BlackElo "1635"]
[Annotator "NA RC"]
[PlyCount "93"]
[EventDate "2022.06.24"]
[EventType "team-tourn"]
[EventCountry "POL"]
[SourceTitle "playchess.com"]
[Source "ChessBase"]
[SourceQuality "1"]
[TimeControl "40/5400+30:1800+30"]

1. d4 c5 2. d5 e6 3. c4 exd5 4. cxd5 d6 5. Nc3 Nf6 6. Nf3 g6 7. e4 Bg7 8. h3 O-O 9. Bd3 Na6 10. O-O Nc7 11. Re1 Rb8 12. a4 a6 13. a5 Bd7 14. Qb3 Re8 15. Bf4 Bb5 16. Bxb5 axb5 17. Nxb5 Nxe4 18. Ra4 f5 19. Raxe4 Rxe4 20. Rxe4 fxe4 21. Nxc7 Qxc7 22. Ng5 Qxa5 23. Bxd6 Rd8 24. Bc7 Qe1+ 25. Kh2 h6 26. d6+ Kh8 27. Nf7+ Kh7 28. Bxd8 Qxf2 29. Bh4 Qxh4 30. d7 Bf6 31. Qg3 e3 32. Qxe3 Kg7 33. Nd6 Bd4 34. Qg3 Qd8 35. Ne8+ Kf7 36. Qd6 Bxb2 37. Nc7 c4 38. Qe6+ Kg7 39. Ne8+ Kf8 40. Nd6 Be5+ 41. Qxe5 Qxd7 42. Qf6+ Kg8 43. Qxg6+ Kf8 44. Qf6+ Kg8 45. Nf5 Qc7+ 46. Kh1 c3 47. Ne7+ 1-0

[Event "Polish Youth Ekstraliga 2022"]
[Site "Lublin"]
[Date "2022.07.02"]
[Round "8.29"]
[White "Siekanska, Maria"]
[Black "Marcinczyk, Monika"]
[Result "1-0"]
[ECO "E48"]
[WhiteElo "1964"]
[BlackElo "1991"]
[Annotator "NA RC"]
[PlyCount "63"]
[EventDate "2022.06.24"]
[EventType "team-tourn"]
[EventCountry "POL"]
[SourceTitle "playchess.com"]
[Source "ChessBase"]
[SourceQuality "1"]
[TimeControl "40/5400+30:1800+30"]

1. d4 Nf6 2. c4 e6 3. Nc3 Bb4 4. e3 O-O 5. Bd3 d5 6. cxd5 exd5 7. Nge2 Re8 8. Bd2 b6 9. Rc1 Bf8 10. O-O Bb7 11. f3 Nbd7 12. Kh1 c5 13. g4 Bd6 14. g5 Nh5 15. f4 Nf8 16. Qe1 g6 17. Qf2 f5 18. Ng3 Nxg3+ 19. hxg3 a6 20. g4 Qd7 21. gxf5 gxf5 22. Qf3 Qf7 23. Qh3 Bc8 24. Ne2 Ng6 25. Ng3 Re4 26. Bxe4 dxe4 27. dxc5 Bxc5 28. b4 Qxa2 29. bxc5 Qxd2 30. cxb6 Qxe3 31. Rc7 Nf8 32. b7 1-0

[Event "Polish Youth Ekstraliga 2022"]
[Site "Lublin"]
[Date "2022.07.02"]
[Round "8.30"]
[White "Szczotka, Klara"]
[Black "Ziobrowska, Maja"]
[Result "1-0"]
[ECO "C45"]
[WhiteElo "1863"]
[BlackElo "1609"]
[Annotator "NA RC"]
[PlyCount "105"]
[EventDate "2022.06.24"]
[EventType "team-tourn"]
[EventCountry "POL"]
[SourceTitle "playchess.com"]
[Source "ChessBase"]
[SourceQuality "1"]
[TimeControl "40/5400+30:1800+30"]

1. e4 e5 2. Nf3 Nc6 3. d4 exd4 4. Nxd4 Bc5 5. Nb3 Bb6 6. Nc3 Nf6 7. Bg5 h6 8. Bh4 g5 9. Bg3 d6 10. Qd2 Be6 11. Bb5 Qd7 12. O-O-O O-O-O 13. Rhe1 a6 14. Ba4 Bxb3 15. Bxb3 Ba5 16. f3 Rhe8 17. h4 Nh5 18. Bf2 g4 19. Qxh6 Rh8 20. Qd2 Ne5 21. f4 Ng6 22. g3 Nxh4 23. gxh4 g3 24. Be3 Qg4 25. Qe2 Qxh4 26. Qf3 Bxc3 27. bxc3 Qe7 28. Bd4 f6 29. Rh1 Qe8 30. Rh4 Qg6 31. Be6+ Kb8 32. Bf5 Qf7 33. Rdh1 g2 34. Qxg2 Rhg8 35. Qh3 Ng7 36. Kd2 c5 37. Bf2 d5 38. e5 fxe5 39. Bh7 Rgf8 40. f5 d4 41. cxd4 cxd4 42. Qd3 Qxa2 43. Bg3 Qa5+ 44. Ke2 Ka8 45. Rb1 Rd5 46. f6 Rxf6 47. Be4 Rd7 48. Qc4 Rf8 49. Rh6 Ka7 50. Rhb6 Rb8 51. Qb3 Ka8 52. Be1 d3+ 53. cxd3 1-0

[Event "Polish Youth Ekstraliga 2022"]
[Site "Lublin"]
[Date "2022.07.03"]
[Round "9.1"]
[White "Budzisz, Adrian"]
[Black "Czopor, Maciej"]
[Result "0-1"]
[ECO "C54"]
[WhiteElo "2152"]
[BlackElo "2425"]
[Annotator "TA"]
[PlyCount "122"]
[EventDate "2022.06.24"]
[EventType "team-tourn"]
[EventCountry "POL"]
[SourceTitle "playchess.com"]
[Source "ChessBase"]
[SourceQuality "1"]
[TimeControl "40/5400+30:1800+30"]

1. e4 e5 2. Nf3 Nc6 3. Bc4 Bc5 4. c3 Nf6 5. d3 O-O 6. O-O d5 7. exd5 Nxd5 8. h3 {[%emt 0:00:38] C54: Giuoco Piano: 4 c3 Nf6, main lines with 5 d4 and 5 d3.} ({Better is} 8. Re1 $14) 8... Nb6 $11 9. Bb3 {[%emt 0:01:17] 9.Bb3 scores better than 9.Bb5.} Bf5 10. Bc2 {[%emt 0:00:33] The position is equal.} Re8 11. Re1 a5 {[%emt 0:05:10] [#]} 12. Nbd2 $146 (12. Bg5 $11 Qd7 13. Nh4) ({Predecessor:} 12. Be3 Bxe3 13. fxe3 e4 14. Nd4 Nxd4 15. exd4 exd3 16. Bb3 Qg5 17. Rxe8+ Rxe8 18. Qd2 Qg3 19. Kf1 Re2 20. Qxe2 dxe2+ 21. Kxe2 Qxg2+ 22. Ke3 Qxb2 {0-1 (22) Casado Torres,D (1607)-Macias Pino,D (2115) Salobrena 2020}) 12... h6 {[%emt 0:06:29] 0x0.001b6a52f97adp-1022s more active pieces.} (12... Bxd3 $17 13. Nb3 Bxc2 14. Qxc2 Bd6) 13. Ne4 Bf8 14. a4 Bg6 15. Ng3 f5 16. d4 e4 17. d5 Ne5 (17... Qxd5 $2 18. Bb3 Qxb3 19. Qxb3+ $18) 18. Nd4 (18. Nxe5 $1 $15 Rxe5 19. Bb3) 18... Qf6 $17 (18... Qxd5 19. Bb3 Nbc4 20. Ndxf5 (20. Ngxf5 Kh8 $11) 20... Qxd1 21. Rxd1 $11) (18... Nxd5 $6 19. Ndxf5 Nf6 20. Bf4 $11 (20. Nxe4 $2 Bxf5 21. Bf4 Nxe4 $19)) 19. Nb5 Rac8 20. Bb3 (20. Be3 $17 {is a better defense.}) 20... Kh8 21. Nh5 $2 {[%emt 0:03:11] [#]} (21. Qd4) 21... Bxh5 $2 (21... Nf3+ $1 22. gxf3 Bxh5) 22. Qxh5 $19 g6 (22... Nd3 $19 23. Rf1 Re5) 23. Qe2 $17 Nd3 (23... c6 $1 $17 24. dxc6 bxc6) 24. Be3 $1 $15 {[%emt 0:00:56] Strongly threatening Bd4.} Kh7 (24... Nxe1 25. Bd4 Re5 26. Rxe1 $18) 25. Red1 Nd7 {[%emt 0:01:50] Pair of Knights!} 26. Bd4 Qg5 {[%emt 0:00:59] Hoping for ...Nf4.} 27. Rxd3 exd3 28. Qxd3 Ne5 {[%emt 0:03:06] Against Qc4} (28... Bc5 $15) 29. Bxe5 $11 Rxe5 30. Nd4 $1 Qd8 (30... Qe7 $5 ) 31. Qf3 Bd6 32. g4 (32. g3 $11 {keeps the balance.}) 32... Qf6 (32... Qe7 $1 $17 33. Rf1 fxg4 34. hxg4 Qh4) 33. Bc2 $15 Rf8 {[%emt 0:00:04] aiming for ...fxg4.} (33... Kh8 $5 ) 34. gxf5 ({White should try} 34. Ne6 $15) 34... gxf5 $17 35. Kh1 Kh8 36. Rg1 {[%emt 0:00:50] [#]} Qf7 (36... Rg8 $1 $17 {[%cal Rg8g1] White must now prevent ...Rxg1+.} 37. Rxg8+ (37. Nxf5 Rxg1+ 38. Kxg1 Qg5+ 39. Kf1 Qc1+ 40. Bd1 Rxf5 $19) 37... Kxg8 38. Nxf5 Re1+ 39. Kg2 Qg6+ 40. Qg4 Qxg4+ 41. hxg4 Re2) 37. c4 Rg8 $36 {[%emt 0:00:09][%mdl 2048] Black is in control.} 38. Nxf5 $2 {[%emt 0:03:10] Loses the game.} (38. Rf1 $17) 38... Rxg1+ $19 39. Kxg1 Re1+ 40. Kg2 {[%emt 0:00:00] [#]} Qg6+ $1 41. Qg4 Qxg4+ 42. hxg4 {[%emt 0:00:06][%mdl 4096] Endgame KRB-KBN} Re2 43. Bd3 Rd2 44. Nxd6 $2 (44. Be4) 44... cxd6 {[%emt 0:00:08] KR-KB} 45. Bf5 Rxb2 46. Bd7 Rc2 47. Bb5 Rc3 48. f3 Kg7 49. Kf2 Kf6 {[%emt 0:07:08] ...Ke5 is the strong threat.} 50. f4 h5 51. gxh5 Kf5 52. Bd7+ $2 (52. c5 Rxc5 53. Ke3) 52... Kxf4 53. h6 Rc2+ 54. Kg1 Kg3 55. Kf1 Rh2 {[%emt 0:00:18] ( -> ...b6)} 56. Bc8 b6 57. h7 Kf3 58. Ke1 Ke3 59. Kd1 Rxh7 60. Kc2 Kd4 61. Kb3 Rg7 {[%emt 0:01:02] Weighted Error Value: White=0.66/Black=0.26 (precise)} 0-1